 Dungeon Sprint DCSS version 0.26-a0-1033-gd598b01645 (webtiles) character file.

Game seed: 17847662005425654295

269 mhtbhm the Ducker (level 6, 0/66 HPs)
             Began as a Troll Fighter on Dec 10, 2020.
             Slain by a human (6 damage)
             ... in the Dungeon (Sprint III: "The Ten Rune Challenge").
             The game lasted 00:02:29 (462 turns).

mhtbhm the Ducker (Troll Fighter)                    Turns: 462, Time: 00:02:29

Health: 0/66       AC:  7    Str: 27    XL:     6   Next: 1%
Magic:  5/5        EV: 11    Int:  4    God:
Gold:   46         SH: 10    Dex:  9    Spells: 5/5 levels left

rFire    . . .     SeeInvis .   a - +0 flail
rCold    . . .     Faith    .   c - +0 kite shield
rNeg     . . .     Spirit   .   b - +0 robe
rPois    .         Reflect  .   (helmet restricted)
rElec    .         Harm     .   f - +0 cloak
rCorr    .         Rampage  .   (gloves unavailable)
Will     .....     NoTele   +   (boots unavailable)
Stlth    +.........             (no amulet)
HPRegen  0.61/turn              (no ring)
MPRegen  0.09/turn              (no ring)

@: mighty
A: large, unfitting armour, claws 3, regeneration 1, shaggy fur 1, tough skin 3
a: no special abilities


You were in the Dungeon.
You visited 1 branch You collected 46 gold pieces.

Inventory:

Hand Weapons
 a - a +0 flail (weapon)
Armour
 b - a +0 robe (worn)
 c - a +0 kite shield (worn)
 f - a +0 cloak (worn)
Wands
 o - a wand of enslavement (6)
Scrolls
 i - a scroll of torment {unknown}
 j - a scroll of blinking
 k - 3 scrolls of identify
 l - 4 scrolls of remove curse
 n - a scroll of holy word {unknown}
Potions
 g - a potion of haste
 h - 2 potions of magic
 m - 3 potions of flight


   Skills:
 + Level 5.4 Fighting
 + Level 5.7 Maces & Flails
 + Level 5.9 Dodging
 + Level 1.3 Stealth
 + Level 5.6 Shields


You had 5 spell levels left.
You didn't know any spells.
Your spell library contained the following spells:

 Spells                   Type           Power        Failure   Level
 Animate Skeleton         Necr           #.....       75%         1
 Apportation              Tloc           #.....       75%         1
 Corona                   Hex            #......      75%         1
 Summon Small Mammal      Summ           #...         75%         1


Dungeon Overview and Level Annotations

Branches:
Dungeon (1/1)

Altars:
Dithmenos
Kikubaaqudgha
Okawaru
Ru
Sif Muna
Trog
Uskayaw
Vehumet
Wu Jian
Yredelemnul
Beogh


Innate Abilities, Weirdness & Mutations

You are too large for most types of armour.
You have claws for hands.
Your natural rate of healing is unusually fast.
You are covered in fur. (AC +1)
You have extremely tough skin. (AC +3)


Message History

You sock the human!
The human is moderately wounded.
The human hits you. x2
* * * LOW HITPOINT WARNING * * *
You sock the human!
The human is heavily wounded.
The human hits you.
* * * LOW HITPOINT WARNING * * *
You sock the human!
The human is severely wounded.
The human hits you.
* * * LOW HITPOINT WARNING * * *
The human hits you but does no damage.
Unknown command.
You feel better. The human hits you!
* * * LOW HITPOINT WARNING * * *
You hit the human.
The human is severely wounded.
The human hits you.
You die...

▓▓ ▓▓▓ .#### ##.#
######## ....#####..#
#___#__# .....#!!#..#
#p_)#._#
##...#..#..###+#p###)##
###..##'#..#....@.....#
.##..###...'.⌠........#
##.†####...#...######+#
##.†###....#.⌠.#
#...##.....#...#
....#......#'###
..##.#..)..#)).# ..
####....#___# ▓▓
▓▓▓▓▓▓▓▓▓▓


You could see 2 humans.

Vanquished Creatures
  A necrophage (D)
  A water elemental (D)
  Crazy Yiuf (D)
  A wizard (D)
  A necromancer (D)
  A kobold demonologist (D)
  A human (D)
  An ooze (D)
  3 rats (D)
11 creatures vanquished.

Vanquished Creatures (others)
  A plant (D)
1 creature vanquished.

Grand Total: 12 creatures vanquished

Notes
Turn   | Place    | Note
-------+----------+-------------------------------------------
     0 | D        | mhtbhm the Troll Fighter began the quest for the Orb.
     0 | D        | Reached XP level 1. HP: 22/22 MP: 0/0
    63 | D        | Noticed Crazy Yiuf
    81 | D        | Reached XP level 2. HP: 25/31 MP: 1/1
   195 | D        | Killed Crazy Yiuf
   196 | D        | Reached XP level 3. HP: 16/39 MP: 2/2
   290 | D        | Noticed a water elemental
   299 | D        | Killed a water elemental
   300 | D        | Reached XP level 4. HP: 22/49 MP: 3/3
   357 | D        | Found a basalt altar of Yredelemnul.
   357 | D        | Found a shadowy altar of Dithmenos.
   357 | D        | Found a sacrificial altar of Ru.
   357 | D        | Noticed a necrophage
   361 | D        | Reached skill level 5 in Dodging
   361 | D        | Reached skill level 1 in Stealth
   361 | D        | Reached XP level 5. HP: 30/55 MP: 4/4
   362 | D        | Killed a necrophage
   363 | D        | Reached skill level 5 in Fighting
   363 | D        | Reached skill level 5 in Maces & Flails
   363 | D        | Reached skill level 5 in Shields
   413 | D        | Found a radiant altar of Vehumet.
   413 | D        | Found a shimmering blue altar of Sif Muna.
   413 | D        | Found an ancient bone altar of Kikubaaqudgha.
   424 | D        | Reached XP level 6. HP: 66/66 MP: 5/5
   443 | D        | Found a hide-covered altar of Uskayaw.
   443 | D        | Found a roughly hewn altar of Beogh.
   443 | D        | Found an iron altar of Okawaru.
   443 | D        | Found a bloodstained altar of Trog.
   443 | D        | Found an ornate altar of the Wu Jian Council.
   443 | D        | Noticed a human
   444 | D        | Noticed a human
   462 | D        | Slain by a human

Illustrated notes

Levels and vault maps discovered:
D:        dungeon_sprint_mu [sprint_mu_entry_cave, sprint_mu_temple_rooms,
          sprint_mu_d1_horrors, sprint_mu_d2_genie, sprint_mu_d3_branching,
          sprint_mu_orc_legion, sprint_mu_elf_gauntlet, sprint_mu_hive_nellie,
          sprint_mu_lair_fedhas, sprint_mu_vaults_butterflies,
          sprint_mu_slime_circle, sprint_mu_swamp_cave, sprint_mu_shoals_archi,
          sprint_mu_blade_basic, sprint_mu_crypt_chambers,
          sprint_mu_tomb_spiral, sprint_mu_vestibule_basic,
          sprint_mu_gehenna_hellfire, sprint_mu_dis_giant,
          sprint_mu_tartarus_statrot, sprint_mu_cocytus_islands, sprint_mu_zot1]

Skill      XL: |  1  2  3  4  5 |
---------------+----------------+-----
Fighting       | 3 4 5 |  5.4
Maces & Flails | 2 3 4 5 |  5.7
Shields        | 3 4 5 |  5.6
Dodging        | 3 4 5 |  5.9
Stealth        | 1 |  1.3

Action                   |  1- 3 |  4- 6 || total
-------------------------+-------+-------++-------
Melee: Flail             |    26 |    27 ||    53
       Unarmed           |     1 |       ||     1
  Use: Potion            |     2 |     2 ||     4
 Stab: Sleeping          |     2 |       ||     2
Armor: Robe              |     3 |     8 ||    11
Dodge: Dodged            |     7 |    11 ||    18
Block: Kite shield       |     8 |    17 ||    25

Table legend: (Time is in decaauts)
 A = Elapsed time spent in this place.
 B = Non-inter-level travel time spent in this place.
 C = Inter-level travel time spent in this place.
 D = Time resting spent in this place.
 E = Time spent auto-exploring this place.
 F = Levels seen in this place.
 G = Mean time per level.
                   A        B        C        D        E       F      G
               +--------+--------+--------+--------+--------+-----+--------+
         Total |    487 |    487 |      0 |    280 |     19 |   1 |  487.0 |
       Dungeon |    487 |    487 |      0 |    280 |     19 |   1 |  487.0 |
               +--------+--------+--------+--------+--------+-----+--------+

Top non-repeatable levels by time:
       D: 487 daAuts
